 Dungeon Crawl Stone Soup version 0.22.1-1-ga44c0e56f4 (webtiles) character file.

266 NochnoyZador the Cleaver (level 6, -2/51 HPs)
             Began as a Hill Orc Fighter on Oct 16, 2018.
             Killed by divine providence
             ... invoked by an orc priest
              (10 damage)
             ... on level 5 of the Dungeon.
             The game lasted 00:10:05 (3028 turns).

NochnoyZador the Cleaver (Hill Orc Fighter)         Turns: 3028, Time: 00:10:08

Health: -2/51      AC:  8    Str: 20    XL:     6   Next: 20%
Magic:  6/6        EV:  7    Int:  8    God:
Gold:   238        SH:  9    Dex: 11    Spells: 5/5 levels left

rFire    . . .     SeeInvis .   a - +1 war axe
rCold    . . .     Gourm    .   c - +0 shield
rNeg     . . .     Faith    .   b - +0 scale mail
rPois    .         Spirit   .   s - +0 helmet
rElec    .         Reflect  .   (no cloak)
rCorr    .         Harm     .   (no gloves)
MR       .....                  (no boots)
Stlth    ..........             (no amulet)
HPRegen  0.17/turn              (no ring)
MPRegen  0.10/turn              (no ring)

@: no status effects
A: no striking features
a: Convert to Beogh


You were on level 5 of the Dungeon.
You were not hungry.

You visited 1 branch of the dungeon, and saw 5 of its levels.

You collected 238 gold pieces.

Inventory:

Hand Weapons
 a - a +1 war axe (weapon)
Missiles
 k - 97 stones (quivered)
Armour
 b - a +0 scale mail (worn)
 c - a +0 shield (worn)
 s - a +0 helmet (worn)
Jewellery
 i - a cursed amulet of regeneration {unknown}
Wands
 w - a wand of flame (42)
Scrolls
 h - 2 scrolls of fear {unknown}
 l - 3 scrolls of teleportation {unknown}
 n - 2 scrolls of fog {unknown}
 p - 4 scrolls of enchant weapon
 q - a scroll of noise {unknown}
 u - 2 scrolls of identify {unknown}
 x - 2 scrolls of remove curse {unknown}
Potions
 d - a potion of might
 e - 2 potions of magic {unknown}
 g - a potion of haste {unknown}
 j - 4 potions of lignification {unknown}
 m - 2 potions of degeneration {unknown}
 o - 2 potions of flight {unknown}
 r - 2 potions of curing {unknown}
 t - a potion of mutation {unknown}
Comestibles
 f - 4 rations
 v - a chunk of flesh


   Skills:
 - Level 3.6 Fighting
 * Level 8.4 Axes
 - Level 3.2 Armour
 - Level 3.2 Shields


You had 5 spell levels left.
You didn't know any spells.
Your spell library was empty.

Dungeon Overview and Level Annotations

Branches:
Dungeon (5/15)
 Temple: D:4-7

Altars:
Makhleb


Message History

a leather armour; an orc corpse You are too injured to fight recklessly!
You are too injured to fight recklessly!
You are too injured to fight recklessly!
You are too injured to fight recklessly!
You are too injured to fight recklessly!
You barely miss the orc priest.
The orc priest mumbles some strange prayers to Beogh against you.
Pain shoots through your body!
* * * LOW HITPOINT WARNING * * *
The orc wizard mumbles some strange words.
The orc wizard blinks!
You hit the orc priest.
The orc priest is moderately wounded.
You hit the orc wizard.
The orc wizard gestures at you while chanting.
You resist with some effort.
The orc priest invokes the aid of Beogh against you.
Beogh smites you!
You die...

##.########
#..§o@o...#
#########.#
#.# #.# #.#
#.# #.# #.#
#.#


You could see an orc priest and an orc wizard.

Vanquished Creatures
  An orc priest (D:5)
  4 worker ants (D:4)
  3 adders
  3 oozes
  2 worms
  2 dart slugs
  4 leopard geckos
  8 orcs
  A ball python (D:2)
  2 giant cockroaches
  5 goblins
  12 hobgoblins
  3 jackals (D:1)
  11 bats
  2 frilled lizards (D:2)
  6 kobolds
  2 leopard gecko skeletons (D:4)
  A quokka skeleton (D:3)
  11 rats
83 creatures vanquished.

Notes
Turn   | Place    | Note
-------+----------+-------------------------------------------
     0 | D:1      | NochnoyZador the Hill Orc Fighter began the quest for the
                  | Orb.
     0 | D:1      | Reached XP level 1. HP: 19/19 MP: 1/1
   149 | D:1      | Reached skill level 3 in Axes
   187 | D:1      | Reached XP level 2. HP: 24/26 MP: 2/2
   281 | D:1      | Reached skill level 4 in Axes
   381 | D:1      | Reached XP level 3. HP: 31/31 MP: 3/3
   682 | D:1      | Reached skill level 5 in Axes
  1216 | D:2      | Found a burning altar of Makhleb.
  1391 | D:2      | Reached XP level 4. HP: 38/39 MP: 4/4
  1746 | D:3      | Reached skill level 6 in Axes
  2365 | D:4      | Reached XP level 5. HP: 45/45 MP: 5/5
  2460 | D:4      | Reached skill level 7 in Axes
  2896 | D:4      | Reached skill level 8 in Axes
  2896 | D:4      | Reached XP level 6. HP: 49/51 MP: 6/6
  3006 | D:5      | Entered Level 5 of the Dungeon
  3028 | D:5      | Killed from afar by an orc priest

Skill      XL: |  1  2  3  4  5 |
---------------+----------------+-----
Axes           | 3 4 5 6 8 |  8.4
Fighting       | |  3.6
Armour         | |  3.2
Shields        | |  3.2

Action                   |  1- 3 |  4- 6 || total
-------------------------+-------+-------++-------
Melee: War axe           |   140 |   107 ||   247
  Use: Scroll            |       |     1 ||     1
  Eat: Chunk             |     2 |     5 ||     7
Armor: Scale mail        |    56 |    38 ||    94
Dodge: Dodged            |    42 |    29 ||    71
Block: Shield            |    72 |    40 ||   112
